 Dungeon Crawl Stone Soup version 0.21.1-1-g345015fe64 (webtiles) character file.

19 Kohma the Sneak (level 2, -2/15 HPs)
             Began as a Vine Stalker Assassin on July 9, 2018.
             Killed from afar by an orc wizard (4 damage)
             ... with a magic dart
             ... on level 3 of the Dungeon.
             The game lasted 00:04:30 (725 turns).

Kohma the Sneak (Vine Stalker Assassin)              Turns: 725, Time: 00:04:30

Health: -2/15      AC:  3    Str: 13    XL:     2   Next: 75%
Magic:  0/4        EV: 12    Int: 11    God:
Gold:   21         SH:  0    Dex: 15    Spells: 2/2 levels left

rFire    . . .     SeeInvis .   a - +2 dagger
rCold    . . .     Gourm    .   (no shield)
rNeg     . . .     Faith    .   c - +0 robe
rPois    .         Spirit   +   (no helmet)
rElec    .         Reflect  .   d - +0 cloak
rCorr    .         Harm     .   (no gloves)
MR       .....                  (no boots)
Stlth    +++.......             (no amulet)
HPRegen  0.05/turn              (no ring)
MPRegen  0.09/turn              (no ring)

@: no status effects
A: fangs 2, magic shield, antimagic bite, no potion heal 3, rot immunity
a: no special abilities


You were on level 3 of the Dungeon.
You were not hungry.

You visited 1 branch of the dungeon, and saw 3 of its levels.

You collected 21 gold pieces.

Inventory:

Hand Weapons
 a - a +2 dagger (weapon)
 b - a +0 blowgun
Missiles
 f - 2 curare-tipped needles {!f}
 n - 2 needles of confusion {!f}
 p - 3 javelins (quivered)
Armour
 c - a +0 robe (worn)
 d - a +0 cloak (worn)
Scrolls
 i - 3 scrolls of identify {unknown}
 k - a scroll of teleportation {unknown}
 m - a scroll of noise {unknown}
Potions
 h - a potion of lignification {unknown}
 j - a potion of curing {unknown}
 l - 2 potions of brilliance {unknown}
 o - a potion of might {unknown}
 q - a potion of flight {unknown}
Comestibles
 g - 4 rations


   Skills:
 + Level 1.9 Fighting
 * Level 2.0 Short Blades
 + Level 2.0 Throwing
 + Level 1.0 Dodging
 * Level 5.1 Stealth
 * Level 0.7 Spellcasting


You had 2 spell levels left.
You didn't know any spells.

Dungeon Overview and Level Annotations

Branches:
Dungeon (2/15)

Altars:


Innate Abilities, Weirdness & Mutations

You have extremely sharp teeth.
When hurt, damage is shared between your health and your magic reserves.
Your bite disrupts and absorbs the magic of your enemies.
Potions cannot restore your health.
You are immune to rotting.


Message History

You hit the orc wizard.
The orc wizard is heavily wounded.
The orc misses you.
The orc wizard gestures at you while chanting.
The magic dart hits you!
* * * LOW HITPOINT WARNING * * *
You barely miss the orc wizard. You bite the orc wizard.
The orc wizard's magic leaks into the air.
You drain its magic.
You feel invigorated.
The orc wizard is severely wounded.
The orc wizard mumbles some strange words.
The orc wizard blinks!
The orc misses you.
The orc wizard gestures wildly while chanting.
The orc wizard blinks!
The orc wizard mumbles some strange words.
The orc wizard blinks!
Found 8 gold pieces.
The orc wizard gestures at you while chanting.
The magic dart hits you!
You die...

##### ...######
#.....$.# #.....#.#
###.......##.
#............ #.
#.#...>...# #.
#.#..@....#
#.###.##.######
#.......o#
##.......# #.##o#..#
...######.##....####
..........)........+
..(######).......###
#.##o#...#


You could see an orc wizard and an orc.

Vanquished Creatures
  A leopard gecko (D:3)
  A giant cockroach (D:3)
  2 goblins
  2 hobgoblins
  2 jackals (D:1)
  2 kobolds (D:1)
  3 bats
  A frilled lizard (D:1)
  3 rats (D:1)
17 creatures vanquished.

Notes
Turn   | Place    | Note
-------+----------+-------------------------------------------
     0 | D:1      | Kohma the Vine Stalker Assassin began the quest for the Orb.
     0 | D:1      | Reached XP level 1. HP: 11/11 MP: 2/2
   152 | D:1      | Reached skill level 5 in Stealth
   152 | D:1      | Reached XP level 2. HP: 15/15 MP: 3/3
   378 | D:1      | Reached skill level 1 in Dodging
   600 | D:2      | You fall through a shaft!
   725 | D:3      | Killed from afar by an orc wizard

Skill      XL: |  1  2 |
---------------+-------+-----
Stealth        | 5 |  5.1
Short Blades   | 2 |  2.0
Dodging        | 1 |  1.0
Throwing       | 2 |  2.0
Fighting       | |  1.9
Spellcasting   | |  0.7

Action                   || total
-------------------------++-------
Melee: Dagger            ||    33
       Bite              ||     6
 Fire: Blowgun           ||    21
 Stab: Distracted        ||     1
Armor: Robe              ||    12
Dodge: Dodged            ||    22
